 Dungeon Crawl Stone Soup version 0.21.1-1-g345015fe64 (webtiles) character file.

21485 karakuro the Fighter (level 12, -9/125 HPs)
             Began as a Troll Berserker on July 12, 2018.
             Was a High Priest of Trog.
             Mangled by Saint Roka
             ... wielding a +2 battleaxe of draining
              (21 damage)
             ... on level 2 of the Orcish Mines.
             The game lasted 01:07:47 (9916 turns).

karakuro the Fighter (Troll Berserker)              Turns: 9916, Time: 01:07:48

Health: -9/125     AC: 18    Str: 32    XL:     12   Next: 54%
Magic:  0/11       EV:  9    Int: -2 (3) God:    Trog [*****.]
Gold:   1384       SH:  0    Dex:  9    Spells: 11/11 levels left

rFire    . . .     SeeInvis .   A - +3 triple sword (protect)
rCold    + . .     Gourm    +   (shield currently unavailable)
rNeg     . . .     Faith    .   G - +2 ice dragon scales
rPois    +         Spirit   +   (helmet restricted)
rElec    +         Reflect  .   E - +0 cloak {rPois}
rCorr    .         Harm     .   (gloves unavailable)
MR       ++...                  (boots unavailable)
Stlth    ..........             d - amulet of guardian spirit
HPRegen  1.70/turn              z - ring of poison resistance
MPRegen  0.12/turn              D - ring of fire

@: berserk cooldown, regenerating, slowed, lost intelligence, heavily drained,
very slow
A: large, unfitting armour, beak, claws 3, hooves 1, rugged brown scales 1, fast
metabolism 3, gourmand, regeneration 1, shaggy fur 1, electricity resistance,
tough skin 2
a: Berserk, Trog's Hand, Brothers in Arms, Burn Spellbooks, Renounce Religion


You were on level 2 of the Orcish Mines.
You worshipped Trog.
Trog was extremely pleased with you.
You were not hungry.

You visited 2 branches of the dungeon, and saw 14 of its levels.

You collected 1384 gold pieces.

Inventory:

Hand Weapons
 a - a +2 dire flail
 i - a +1 hand axe of chopping
 n - a +3 scimitar of flaming
 q - the +7 hand crossbow "Worm's Wrath" {freeze, SInv}
   (Trog gifted it to you on level 12 of the Dungeon)

   It causes projectiles fired from it to freeze those they strike, causing
   extra injury to most foes and up to half again as much damage against
   particularly susceptible opponents.
   They can also slow down cold-blooded creatures.
   It lets you see invisible.
 v - a +1 scimitar of flaming
 y - a +4 vampiric great sword
 A - a +3 triple sword of protection (weapon)
 C - a +2 mace of venom
Armour
 e - a +1 shield
 E - a +0 cloak of poison resistance (worn)
 G - +2 ice dragon scales (worn)
 I - the +2 robe of the Past {-Cast rC+ Dex+8}
   (You found it on level 10 of the Dungeon)

   It affects your dexterity (+8).
   It protects you from cold.
   It prevents spellcasting.
Jewellery
 d - an amulet of guardian spirit (around neck)
 f - an uncursed ring of wizardry
 g - an uncursed ring of positive energy
 w - an uncursed ring of stealth
 z - a ring of poison resistance (left claw)
 D - a ring of fire (right claw)
 F - a +3 ring of dexterity
Scrolls
 b - 3 scrolls of teleportation
 j - a scroll of blinking
 k - 3 scrolls of identify
 l - 8 scrolls of remove curse
 o - 3 scrolls of enchant weapon
 p - a scroll of enchant armour
 r - a scroll of fear
 x - a scroll of fog
Potions
 m - 2 potions of brilliance
 s - 2 potions of might
 t - a potion of cancellation
 u - 3 potions of curing
 B - a potion of magic
Books
 h - a book of Changes

   Spells                             Type                      Level
   a - Beastly Appendage              Transmutation                1
   b - Sticks to Snakes               Transmutation                2
   c - Spider Form                    Transmutation/Poison         3
   d - Ice Form                       Ice/Transmutation            4
   e - Blade Hands                    Transmutation                5
   Trog disapproves of the use of such an item.
Comestibles
 c - 23 rations


   Skills:
 * Level 8.3(6.9) Fighting
 * Level 7.8(6.4) Long Blades
 + Level 6.2(6.3) Axes
 + Level 7.5(7.3) Maces & Flails
 * Level 7.2(5.9) Armour
 + Level 5.5(4.2) Dodging
 * Level 5.9(4.6) Shields


You had 11 spell levels left.
You didn't know any spells.

Dungeon Overview and Level Annotations

Branches:
Dungeon (12/15)            Temple (0/1) D:7            Lair (0/6) D:8
    Orc (2/2) D:12
    Elf: Orc:2

Altars:
Cheibriados
Dithmenos
Elyvilon
Kikubaaqudgha
Makhleb
Nemelex Xobeh
Okawaru
Qazlal
Ru
Sif Muna
Vehumet
Xom
Zin
The Shining One

Shops:
D:6 [

Annotations:
Orc:2 Saint Roka


Innate Abilities, Weirdness & Mutations

You are too large for most types of armour.
You have claws for hands.
Your metabolism is lightning-fast.
You like to eat raw meat.
Your natural rate of healing is unusually fast.
You are covered in fur. (AC +1)
You have very tough skin. (AC +2)
You have a beak for a mouth.
You have large cloven feet.
You are partially covered in rugged brown scales. (AC +1, +3% HP)
You are resistant to electric shocks. (rElec)


Message History

You almost manage to decipher the scroll, but fail in this attempt.
Your ogre hits Saint Roka with a giant spiked club!!
Saint Roka roars a battlecry!
The orc goes into a battle-frenzy!
The orc hits you but does no damage. The orc hits your ogre.
Your ogre hits Saint Roka with a giant spiked club!!
The orc sorcerer mumbles some strange words.
The orc closely misses you. The orc hits your ogre.
Your ogre hits the orc with a giant spiked club!!
The orc dies!
Trog accepts your kill.
The orc sorcerer gestures wildly while chanting.
Saint Roka invokes the aid of Beogh against you.
Beogh smites you!
* * * LOW HITPOINT WARNING * * *
Okay, then.
You almost manage to decipher the scroll, but fail in this attempt.
The orc barely misses your ogre. The orc warrior barely misses you.
Saint Roka hits you with a battleaxe of draining!!
You die...

#.§##≈...≈## # ##.....
...#≈≈...≈≈# ≈### #......
#8###≈≈))o≈§### ##≈≈≈≈ #......
###≈≈≈≈)(o§≈≈≈###§§§≈≈# #......
≈≈≈##≈.oo≈##§≈≈≈§§≈≈# ###....
§≈##≈.oo3##≈≈≈≈§# ##.#.
###≈§....o≈≈#...# #.#.
##§§....o.o##..### ###.
##.##.....##(#o@..######## ##
#..##.....##ooO.......##.## #
##.........4..o..#.........## ###
#..........3..............#.###.#
#...##.....##................#..#
#...##.....##........)...........
.....................)....#......
)....................))..#####...
))........................##.....


You could see Saint Roka, a soul eater, an orange demon, an orc sorcerer, an orc
warrior, an orc and a friendly ogre (berserk).

Vanquished Creatures
  An orc warlord (Orc:1)
  Azrael (D:12)
  Snorg (D:12)
  Erica (D:8)
  3 two-headed ogres
  Pikel (D:4)
  The ghost of Htamos the Thaumaturge, a novice DECj of Sif Muna (D:7)
  3 cyclopes
  3 orc sorcerers (Orc:2)
  A manticore (D:12)
  An ugly thing (D:12)
  Psyche (D:12)
  2 trolls
  A hornet (D:12)
  A hippogriff (D:10)
  A wraith (D:11)
  Sigmund (D:4)
  The ghost of Destragon the Shield-Bearer, an amateur MiFi (D:4)
  14 yaks
  A fire elemental (D:12)
  3 hungry ghosts
  Menkaure (D:7)
  A warg (D:12)
  Edmund (D:4)
  2 water moccasins
  3 hell hounds (D:12)
  6 sky beasts
  A slave (D:4)
  3 ice beasts
  10 orc warriors
  A phantom (D:6)
  10 ogres
  7 centaurs
  A crocodile (D:7)
  The ghost of Htamos the Sneak, an amateur OpWz (D:3)
  8 bullfrogs
  A water moccasin zombie (D:8)
  A wyvern skeleton (D:8)
  3 scorpions
  3 howler monkeys
  3 wights (D:6)
  A bullfrog zombie (D:11)
  5 crimson imps
  2 centaur zombies
  5 jellies
  A quasit (D:9)
  3 hounds
  10 orc priests
  Crazy Yiuf (D:7)
  11 orc wizards
  2 bullfrog skeletons
  4 centaur skeletons
  An iguana (D:7)
  9 worker ants
  3 hound skeletons
  A worker ant zombie (D:10)
  7 gnolls
  A howler monkey skeleton (D:8)
  8 adders
  8 oozes
  An adder skeleton (D:8)
  2 adder zombies (D:5)
  3 dart slugs
  2 worms (D:2)
  3 leopard geckos
  88 orcs
  5 giant cockroaches
  7 goblins
  4 hobgoblins
  4 jackals (D:3)
  2 kobolds
  6 quokkas
  2 ball pythons
  8 bats
  4 frilled lizards
  A jackal skeleton (D:7)
  A leopard gecko zombie (D:5)
  5 rats
  A plant (D:1)
342 creatures vanquished.

Vanquished Creatures (collateral kills)
  A two-headed ogre (D:8)
  2 fire elementals (D:12)
  A hell hound (D:12)
  3 orc warriors
  2 orc wizards (Orc:2)
  7 orcs
16 creatures vanquished.

Vanquished Creatures (others)
  A slave (D:4)
  An orc (D:4)
  A quokka (D:4)
3 creatures vanquished.

Grand Total: 361 creatures vanquished

Notes
Turn   | Place    | Note
-------+----------+-------------------------------------------
     0 | D:1      | karakuro the Troll Berserker began the quest for the Orb.
     0 | D:1      | Reached XP level 1. HP: 22/22 MP: 0/0
   195 | D:1      | Reached XP level 2. HP: 29/29 MP: 1/1
   785 | D:2      | Reached ** piety under Trog
   786 | D:2      | Reached XP level 3. HP: 12/36 MP: 2/2
   969 | D:2      | Reached skill level 1 in Axes
  1254 | D:3      | Reached XP level 4. HP: 43/44 MP: 1/3
  1365 | D:3      | Noticed Htamos's ghost (amateur OpWz)
  1373 | D:3      | Killed Htamos's ghost
  1373 | D:3      | Reached skill level 3 in Fighting
  1373 | D:3      | Reached skill level 1 in Armour
  1373 | D:3      | Reached XP level 5. HP: 44/53 MP: 2/4
  1388 | D:3      | Found a faded altar of an unknown god.
  1758 | D:3      | Found a snail-covered altar of Cheibriados.
  1969 | D:3      | Found a sparkling altar of Nemelex Xobeh.
  1973 | D:3      | Found an iron altar of Okawaru.
  1973 | D:3      | Found a sacrificial altar of Ru.
  1973 | D:3      | Found a deep blue altar of Sif Muna.
  1979 | D:3      | Found a burning altar of Makhleb.
  1980 | D:3      | Found a glowing golden altar of the Shining One.
  1981 | D:3      | Found a glowing silver altar of Zin.
  2085 | D:4      | Reached skill level 1 in Shields
  2190 | D:4      | Noticed a slave
  2191 | D:4      | Noticed a slave
  2192 | D:4      | Noticed a slave
  2192 | D:4      | Noticed Destragon's ghost (amateur MiFi)
  2192 | D:4      | Noticed Pikel
  2210 | D:4      | Killed a slave
  2220 | D:4      | Killed Destragon's ghost
  2220 | D:4      | Reached XP level 6. HP: 29/61 MP: 2/5
  2225 | D:4      | Noticed a slave
  2229 | D:4      | Gained mutation: You are resistant to hostile enchantments. (MR+) [potion of mutation]
  2229 | D:4      | Gained mutation: You are partially covered in rugged brown scales. (AC +1, +3% HP) [potion of mutation]
  2335 | D:4      | Reached *** piety under Trog
  2336 | D:4      | Killed Pikel
  2336 | D:4      | Reached skill level 4 in Fighting
  2336 | D:4      | Reached XP level 7. HP: 66/72 MP: 2/6
  2420 | D:4      | Noticed Sigmund
  2429 | D:4      | Killed Sigmund
  2429 | D:4      | Reached XP level 8. HP: 81/81 MP: 7/7
  2454 | D:4      | Noticed Edmund
  2485 | D:4      | Killed Edmund
  2485 | D:4      | Reached skill level 5 in Axes
  2649 | D:4      | Found an ornate altar of the Wu Jian Council.
  2651 | D:4      | Found a shimmering altar of Xom.
  2651 | D:4      | Found a blossoming altar of Fedhas.
  2653 | D:4      | Found an ancient bone altar of Kikubaaqudgha.
  2653 | D:4      | Found a glowing golden altar of the Shining One.
  2653 | D:4      | Found a glowing golden altar of the Shining One.
  2909 | D:5      | Entered Level 5 of the Dungeon
  2921 | D:5      | Found a shadowy altar of Dithmenos.
  3005 | D:5      | Reached skill level 5 in Fighting
  3062 | D:5      | Reached **** piety under Trog
  3113 | D:5      | Reached XP level 9. HP: 83/90 MP: 5/8
  3551 | D:5      | Lost mutation: You are resistant to hostile enchantments. (MR+) [potion of mutation]
  3551 | D:5      | Gained mutation: You have a beak for a mouth. [potion of mutation]
  3551 | D:5      | Gained mutation: You are resistant to electric shocks. (rElec) [potion of mutation]
  3551 | D:5      | Gained mutation: You have large cloven feet. [potion of mutation]
  3815 | D:6      | Received a gift from Trog
  4024 | D:6      | Reached skill level 5 in Maces & Flails
  4097 | D:6      | Found a white marble altar of Elyvilon.
  4131 | D:6      | Found Tenohin's Armour Boutique.
  4361 | D:7      | Found a staircase to the Ecumenical Temple.
  4424 | D:7      | Noticed Htamos's ghost (novice DECj)
  4440 | D:7      | Killed Htamos's ghost
  4440 | D:7      | Reached skill level 6 in Fighting
  4581 | D:7      | Found a runed door.
  4585 | D:7      | Noticed Crazy Yiuf
  4587 | D:7      | Killed Crazy Yiuf
  4625 | D:7      | Reached XP level 10. HP: 96/100 MP: 9/9
  4653 | D:7      | Noticed Menkaure
  4661 | D:7      | Killed Menkaure
  4782 | D:7      | Found a stormy altar of Qazlal.
  5223 | D:8      | Reached ***** piety under Trog
  5234 | D:8      | Noticed Erica
  5244 | D:8      | Killed Erica
  5346 | D:8      | Noticed a two-headed ogre
  5349 | D:8      | Killed a two-headed ogre
  5349 | D:8      | Reached skill level 5 in Armour
  5493 | D:8      | Reached skill level 1 in Long Blades
  5640 | D:8      | Reached skill level 5 in Dodging
  5670 | D:8      | Found a staircase to the Lair.
  6313 | D:9      | Reached skill level 7 in Fighting
  6583 | D:10     | Entered Level 10 of the Dungeon
  6733 | D:10     | Got an opalescent robe
  6745 | D:10     | Identified the +2 robe of the Past {-Cast rC+ Dex+8} (You found it on level 10 of the Dungeon)
  6951 | D:10     | Noticed a two-headed ogre
  6960 | D:10     | Killed a two-headed ogre
  6960 | D:10     | Reached XP level 11. HP: 43/112 MP: 3/10
  7718 | D:11     | Found a labyrinth entrance.
  8174 | D:11     | Found a glowing golden altar of the Shining One.
  8297 | D:12     | Noticed a two-headed ogre
  8305 | D:12     | Killed a two-headed ogre
  8378 | D:12     | Found a staircase to the Orcish Mines.
  8447 | D:12     | Reached skill level 5 in Long Blades
  8454 | D:12     | Received a gift from Trog
  8465 | D:12     | Got a faintly glowing hand crossbow {god gift}
  8491 | D:12     | Noticed a brown ugly thing
  8509 | D:12     | Killed a brown ugly thing
  8524 | D:12     | Noticed Snorg
  8547 | D:12     | Killed Snorg
  8547 | D:12     | Reached skill level 5 in Shields
  8568 | D:12     | Identified the +7 hand crossbow "Worm's Wrath" {freeze, SInv} (Trog gifted it to you on level 12 of the Dungeon)
  8613 | D:12     | Noticed Psyche
  8618 | D:12     | Killed Psyche
  8792 | D:12     | Noticed Azrael
  8804 | D:12     | Reached XP level 12. HP: 57/122 MP: 7/11
  8818 | D:12     | HP: 2/122 [cyclops/large rock (34)]
  8900 | D:12     | Killed Azrael
  8970 | D:12     | Reached skill level 8 in Fighting
  9207 | Orc:1    | Entered Level 1 of the Orcish Mines
  9238 | Orc:1    | Noticed an orc warlord
  9251 | Orc:1    | Killed an orc warlord
  9350 | Orc:1    | Noticed a two-headed ogre
  9361 | Orc:1    | Killed a two-headed ogre
  9438 | Orc:1    | You fall through a shaft!
  9438 | Orc:2    | Entered Level 2 of the Orcish Mines
  9572 | Orc:2    | Found a burning altar of Makhleb.
  9577 | Orc:2    | Received a gift from Trog
  9716 | Orc:2    | Noticed an ogre mage
  9718 | Orc:2    | Paralysed by an orc sorcerer for 4 turns
  9729 | Orc:2    | Found a radiant altar of Vehumet.
  9888 | Orc:2    | Noticed Saint Roka
  9889 | Orc:2    | Lost intelligence.
  9916 | Orc:2    | Mangled by Saint Roka

Skill      XL: |  1  2  3  4  5  6  7  8  9 10 11 12 |
---------------+-------------------------------------+-----
Maces & Flails | 3 4 6 7 |  7.5
Axes           | 1 3 4 5 6 |  6.2
Fighting       | 3 4 5 6 7 8 |  8.3
Armour         | 1 2 3 4 5 6 7 |  7.2
Dodging        | 3 4 5 |  5.5
Shields        | 1 2 3 4 5 |  5.9
Long Blades    | 2 6 7 |  7.8

Action                   |  1- 3 |  4- 6 |  7- 9 | 10-12 || total
-------------------------+-------+-------+-------+-------++-------
Melee: Mace              |    10 |       |       |       ||    10
       Hand axe          |   135 |   100 |     6 |       ||   241
       Flail             |       |       |   220 |       ||   220
       Dire flail        |       |       |    81 |    48 ||   129
       Kick              |       |       |    32 |   219 ||   251
       Peck              |       |       |    23 |   128 ||   151
       Scimitar          |       |       |       |   425 ||   425
       Great sword       |       |       |       |    53 ||    53
       Triple sword      |       |       |       |    26 ||    26
Invok: Berserk           |       |     4 |     4 |     7 ||    15
       Burn Spellbooks   |       |     1 |       |     1 ||     2
       Brothers in Arms  |       |       |       |     6 ||     6
       Trog's Hand       |       |       |       |     5 ||     5
  Use: Scroll            |     5 |     3 |     6 |    13 ||    27
       Potion            |     1 |     2 |     4 |    10 ||    17
 Stab: Sleeping          |       |       |     2 |       ||     2
  Eat: Chunk             |    14 |    16 |    28 |    62 ||   120
       Ration            |       |       |     2 |     2 ||     4
Armor: Animal skin       |    67 |    27 |     9 |       ||   103
       Robe              |       |       |   114 |    43 ||   157
       Ice dragon scales |       |       |       |   264 ||   264
Dodge: Dodged            |    43 |    34 |    99 |   239 ||   415
Block: Shield            |    40 |    35 |   126 |   249 ||   450
       Rpst.: Scimitar   |       |       |       |    49 ||    49
       Great sword       |       |       |       |    13 ||    13
       Triple sword      |       |       |       |    11 ||    11
